AoeStats
← b站江条

Arabia

505818005Analyzed
1v1 RM · 21d ago on Sep 11, 2026· 33m 17s· 2 players
Game mode
Random Map
Map size
Tiny (2 player)
Population
200
Speed
Normal
Resources
Standard
Victory
Conquest
Starting age
Dark Age
Ending age
Imperial Age
RankedLock teamsTeams togetherTeam positionsShared explorationLock speedFull tech treeHidden civsTurbo modeCheats
Victory
Defeat
🇲🇽 Spanish · Mexico
1434
+14
🇨🇳 Maya · China
1393
-14
b站江条
0:25 Loom
9:15 Feudal Age
14:38 Double-Bit Axe
18:42 Town Watch
24:06 Castle Age
23:27 Fletching
25:37 Bodkin Arrow
25:05 Crossbowman
32:12 Horse Collar
No Pauses
7:14 Loom
9:35 Feudal Age
9:56 Man-at-Arms
12:58 Fletching
16:19 Double-Bit Axe
16:55 Padded Archer Armor
21:35 Wheelbarrow
21:54 Horse Collar
26:31 Castle Age
24:23 Gold Mining
25:01 Scale Barding Armor
27:18 Bodkin Arrow
28:07 Guard Tower
29:48 Bow Saw
34:32 Imperial Age
Connection lost

Rejoining the realm…

Still unreachable

The connection could not be restored.

Session expired

The server has moved on; the page needs a fresh start.